 Dungeon Crawl Stone Soup version 0.30.1-11-g7821555f0a (webtiles) character file.

Game seed: 17549259552949043860

76424 Firecrotchwizard the Impaler (level 15, 0/132 HPs)
             Began as a Merfolk Berserker on Nov 4, 2023.
             Was the Champion of Trog.
             Shot with an arrow by Nessos (11 damage)
             ... on level 14 of the Dungeon.
             The game lasted 00:49:23 (20282 turns).

Firecrotchwizard the Impaler (Merfolk Berserker)   Turns: 20282, Time: 00:49:23

Health: 0/132      AC: 27    Str: 23    XL:     15   Next: 53%
Magic:  0/15       EV: 21    Int:  7    God:    Trog [******]
Gold:   454        SH:  0    Dex: 15    Spells: 14/14 levels left

rFire   x . .        a - +5 halberd (spect)
rCold   + + .        (shield currently unavailable)
rNeg    . . .        M - +2 chain mail {rC+}
rPois   .            K - +2 helmet {SInv}
rElec   .            v - +2 cloak
rCorr   .            s - +2 pair of gloves {Stlth+}
SInv    +            I - +2 pair of boots
Will    +....        D - amulet of guardian spirit Stlth
                     q - ring of ice
HPRegen 0.42/turn    U - +5 ring of evasion
MPRegen 0.14/turn

%: guardian spirit
@: lethally poisoned (0 -> -6), marked
A: (nimble swimmer 2), mertail
a: Renounce Religion, Berserk, Trog's Hand, Brothers in Arms


You were on level 14 of the Dungeon.
You worshipped Trog.
Trog was exalted by your worship.
You visited 2 branches of the dungeon, and saw 19 of its levels.
You also visited: Ice Cave.

You collected 1723 gold pieces.
You spent 1269 gold pieces at shops.

Inventory:

Hand Weapons
 a - a +5 spectral halberd (weapon)
 b - a +3 demon trident of flaming
 G - a +3 heavy bardiche
Missiles
 p - 2 throwing nets {@!f}
 y - 3 curare-tipped darts
 A - 10 javelins (quivered)
Armour
 o - a +2 buckler of cold resistance
 s - a +2 pair of gloves of stealth (worn)
 v - a +2 cloak (worn)
 I - a +2 pair of boots (worn)
 K - a +2 helmet of see invisible (worn)
 M - a +2 chain mail of cold resistance (worn)
Jewellery
 m - a ring of positive energy
 q - a ring of ice (left hand)
 D - an amulet of guardian spirit (around neck)
 E - a ring of poison resistance
 U - a +5 ring of evasion (right hand)
Wands
 x - a wand of polymorph (15)
 H - a wand of charming (10)
 Q - a wand of mindburst (23)
 W - a wand of quicksilver (33)
 X - a wand of iceblast (2)
Scrolls
 c - 5 scrolls of vulnerability
 d - 5 scrolls of immolation
 f - 5 scrolls of fog
 g - 6 scrolls of blinking
 h - a scroll of poison
 i - 2 scrolls of identify
 t - 15 scrolls of teleportation
 w - 3 scrolls of enchant weapon
 J - 5 scrolls of magic mapping
 L - 3 scrolls of enchant armour
 N - 2 scrolls of silence
 O - a scroll of summoning
 V - 2 scrolls of fear
Potions
 e - 3 potions of mutation
 j - 2 potions of haste
 k - 6 potions of curing
 l - 6 potions of lignification
 n - 3 potions of might
 r - 6 potions of heal wounds
 u - 3 potions of flight
 z - 3 potions of ambrosia
 B - 2 potions of cancellation
 P - a potion of magic
 T - a potion of berserk rage
 Y - 2 potions of resistance
Miscellaneous
 C - a lightning rod (4/4)
 F - a phial of floods
 R - a phantom mirror


   Skills:
 - Level 16.4 Fighting
 - Level 17.7 Polearms
 + Level 10.0 Armour
 + Level 16.5 Dodging
 + Level 5.3 Evocations


You had 14 spell levels left.
You didn't know any spells.
Your spell library was empty.

Dungeon Overview and Level Annotations

Branches:
Dungeon (14/15)            Temple (0/1) D:4            Lair (5/5) D:9
  Swamp (0/4) Lair:2        Snake (0/4) Lair:3        Slime (0/5) Lair:5
    Orc (0/2) D:11         Vaults (0/5) D:13          IceCv (visited)

Altars:
Hepliaklqana
Kikubaaqudgha
Ru
Vehumet

Shops:
D:1 ?   D:4 [   D:6 [   D:9 *

Annotations:
D:3 3 runed translucent doors, ShellytheWitch's ghost, amateur KoBr
D:6 exclusion: door
D:14 Nessos
Lair:4 1 runed translucent door, exclusion: 2 oklob plants, Duteqan's ghost, journeyman TrFi
Lair:5 2 transporters, eliilek's ghost, journeyman MiFi


Innate Abilities, Weirdness & Mutations

((You are very nimble when in or above water. (Stealth+, EV+, Speed+++)))
Your lower body shifts to a powerful aquatic tail in water.


Message History

You hit Nessos.
Nessos is lightly wounded.
Your +5 spectral halberd hits Nessos from afar.
You feel sick.
Nessos gestures wildly while chanting.
Nessos blinks!
The centaur warrior wields a +0 shortbow.
The centaur warrior shoots an arrow.
The arrow barely misses you.
Your +5 spectral halberd disappears.
You feel sick.
Nessos wields a +3 longbow of flaming.
It bursts into flame!
Nessos shoots an arrow.
The arrow hits you but does no damage.
The centaur warrior shoots an arrow.
The arrow hits you!
Nessos gestures wildly while chanting.
Nessos blinks!
The centaur warrior shoots an arrow.
The arrow hits you but does no damage.
You feel sick.
The centaur warrior shoots an arrow.
The arrow completely misses you.
Nessos shoots an arrow.
The arrow hits you but does no damage.
You feel sick.
Nessos shoots an arrow.
The arrow completely misses you.
The centaur warrior shoots an arrow.
The arrow misses you.
Nessos shoots an arrow.
The arrow misses you.
The centaur warrior shoots an arrow.
The arrow misses you.
You feel sick.
Nessos shoots an arrow.
The arrow completely misses you.
Nessos shoots an arrow.
The arrow misses you.
You reach to attack!
You puncture Nessos!
Nessos is lightly wounded.
Your +5 spectral halberd hits Nessos!!
You feel sick.
You are no longer poisoned.
Nessos drinks a potion.
Nessos is healed!
The centaur warrior shoots an arrow.
The arrow hits you!!
Nessos shoots an arrow.
The arrow hits you!
* * * LOW HITPOINT WARNING * * *
The arrow burns you.
* * * LOW HITPOINT WARNING * * *
You are too injured to fight recklessly!
Reach: a) +5 halberd (spect)
Press: ? - help, Dir - move target, f/p - Nessos
Aim: Nessos, wielding a +3 longbow of flaming and wearing a +0 barding (heavily wounded, fast, about 20% to evade your +5 spectral halberd)
You reach to attack!
You impale Nessos!!
Nessos is severely wounded.
Your +5 spectral halberd hits Nessos but does no damage.
Nessos drinks a potion.
Nessos is healed!
The centaur warrior shoots an arrow.
The arrow hits you!
* * * LOW HITPOINT WARNING * * *
Reach: a) +5 halberd (spect)
Press: ? - help, Dir - move target, f/p - Nessos
Aim: Nessos, wielding a +3 longbow of flaming and wearing a +0 barding (heavily wounded, fast, not watching you, about 20% to evade your +5 spectral halberd)
You reach to attack!
You barely miss Nessos.
Nessos is heavily wounded.
Your +5 spectral halberd hits Nessos.
Nessos unwields a +3 longbow of flaming.
It stops flaming.
Nessos hits your +5 spectral halberd!
Your spectral weapon shares its damage with you!
* * * LOW HITPOINT WARNING * * *
Nessos kicks your +5 spectral halberd.
Your spectral weapon shares its damage with you!
* * * LOW HITPOINT WARNING * * *
The centaur warrior shoots an arrow.
The arrow hits you!
* * * LOW MAGIC WARNING * * *
* * * LOW HITPOINT WARNING * * *
Nessos pounds the earth with their hooves.
Nessos barely misses your +5 spectral halberd.
Nessos kicks your +5 spectral halberd.
Your spectral weapon shares its damage with you!
* * * LOW HITPOINT WARNING * * *
A boulder beetle comes into view.
You feel much better.
Your +5 spectral halberd disappears.
Nessos wields a +3 longbow of flaming.
It bursts into flame!
Nessos shoots an arrow.
The arrow hits you!
* * * LOW MAGIC WARNING * * *
* * * LOW HITPOINT WARNING * * *
The arrow burns you!
* * * LOW MAGIC WARNING * * *
* * * LOW HITPOINT WARNING * * *
Nessos shoots an arrow.
The arrow hits you!
* * * LOW MAGIC WARNING * * *
* * * LOW HITPOINT WARNING * * *
The arrow burns you!
You are poisoned.
* * * LOW MAGIC WARNING * * *
* * * LOW HITPOINT WARNING * * *
The centaur warrior shoots an arrow.
The arrow hits you!
* * * LOW MAGIC WARNING * * *
* * * LOW HITPOINT WARNING * * *
The boulder beetle leaps!
You feel better.
Nessos shoots an arrow.
The arrow hits you.
* * * LOW HITPOINT WARNING * * *
The arrow burns you.
You are poisoned.
* * * LOW HITPOINT WARNING * * *
The centaur warrior shoots an arrow.
The arrow hits you.
* * * LOW HITPOINT WARNING * * *
Nessos shoots an arrow.
The arrow completely misses you.
Unknown command.
As you read the scroll of fog, it crumbles to dust.
The scroll dissolves into smoke.
You feel very sick.
Nessos gestures wildly while chanting.
Nessos blinks!
Nessos shoots an arrow.
The arrow hits you!
You die...

.............#
.............#
########.....# #c###.#
#.# # #.###.#
################..§..#
...............§§§§..#
.............))§@§...#
..#...........§§§§§..#
..........c....§§##..#
.....................#
######################


You could see Nessos (fast) and a centaur warrior.

Vanquished Creatures
  Agnes (D:14)
  Frances (D:14)
  2 dire elephants (Lair:5)
  Snorg (D:12)
  Josephine (D:14)
  3 hydras
  4 vault guards (D:13)
  A boulder beetle (D:14)
  6 centaur warriors
  A death knight (D:14)
  6 two-headed ogres
  4 death yaks (Lair:3)
  A deep elf knight (D:13)
  2 spectral death yaks (Lair:5)
  A spectral anaconda (Lair:5)
  An obsidian statue (Lair:5)
  4 bog bodies
  4 necromancers (Lair:5)
  4 ugly things
  A deep elf pyromancer (D:13)
  An orc knight (D:13)
  6 cyclopes
  A manticore (D:11)
  An oklob plant (D:13)
  An orc sorcerer (D:13)
  A dire elephant zombie (Lair:5)
  19 elephants (Lair:5)
  An ice statue (IceCv)
  3 black mambas
  2 gargoyles (D:13)
  Psyche (D:12)
  9 cane toads
  2 rime drakes (D:12)
  5 komodo dragons
  2 ice devils (IceCv)
  A kobold demonologist (D:12)
  An anaconda simulacrum (IceCv)
  3 freezing wraiths (D:14)
  2 tengu conjurers (D:13)
  2 polar bears
  4 trolls
  2 hornets (D:13)
  11 dream sheep
  10 blink frogs
  2 shadows
  A dire elephant simulacrum (IceCv)
  6 slime creatures (D:12)
  64 yaks
  A vampire (D:9)
  5 wraiths
  Eustachio (D:5)
  6 wyverns
  2 vampire mosquitoes (D:13)
  2 basilisks
  2 death yak simulacra (IceCv)
  A harpy simulacrum (IceCv)
  3 acid dragons
  2 hydra simulacra (IceCv)
  20 water moccasins
  An ice beast (D:8)
  6 orc warriors
  4 black bears
  A sky beast (D:6)
  19 centaurs
  2 ogres
  An elephant skeleton (Lair:5)
  A phantom (D:4)
  8 kobold brigands
  11 bullfrogs
  2 gnoll sergeants
  3 cane toad simulacra
  6 two-headed ogre simulacra (IceCv)
  3 scorpions
  10 wights
  2 elephant simulacra (IceCv)
  An oklob sapling (D:13)
  7 killer bees
  A vampire bat (D:11)
  5 howler monkeys
  3 hounds
  7 jellies
  5 orc priests
  17 hell rats (Lair:5)
  A sleepcap (D:5)
  Ijyb (D:5)
  3 iguanas
  7 orc wizards
  6 troll simulacra (IceCv)
  9 spriggan simulacra (IceCv)
  5 wolf simulacra (IceCv)
  Robin (D:2)
  14 gnolls
  15 adders
  7 naga simulacra (IceCv)
  2 shadow imps
  4 white imps
  6 ufetubi (IceCv)
  2 worms
  2 dart slugs
  34 orcs
  3 bats
  3 bat skeletons (D:11)
  2 bat zombies (D:11)
  2 endoplasms
  2 giant cockroaches (D:3)
  7 hobgoblins
  6 jackals
  41 kobolds
  3 quokkas
  13 ball pythons
  2 frilled lizards
  16 goblins
  4 rats
607 creatures vanquished.

Vanquished Creatures (others)
  7 spectral weapons
7 creatures vanquished.

Grand Total: 614 creatures vanquished

Notes
Turn   | Place    | Note
-------+----------+-------------------------------------------
     0 | D:1      | Firecrotchwizard the Merfolk Berserker began the quest for
                  | the Orb.
     0 | D:1      | Reached XP level 1. HP: 18/18 MP: 1/1
   170 | D:1      | Reached XP level 2. HP: 21/24 MP: 2/2
   426 | D:1      | Reached XP level 3. HP: 22/29 MP: 3/3
   481 | D:1      | Found Odieluu's Magic Scroll Emporium.
   484 | D:1      | Bought a scroll of teleportation for 36 gold pieces
   670 | D:2      | Noticed Robin
   706 | D:2      | Reached skill level 5 in Polearms
   741 | D:2      | Killed Robin
   921 | D:1      | Reached XP level 4. HP: 27/37 MP: 4/4
   924 | D:1      | Reached ** piety under Trog
  1588 | D:3      | Found a runed translucent gate.
  1589 | D:3      | Noticed ShellytheWitch's ghost (amateur KoBr)
  1603 | D:3      | Found a runed translucent gate.
  1604 | D:3      | Found a runed translucent gate.
  1999 | D:4      | Found Ciafuema's Armour Emporium.
  2006 | D:4      | Noticed a rust devil
  2086 | D:4      | Found a staircase to the Ecumenical Temple.
  2097 | D:4      | Identified the +2 robe "Bohaagea" {rN+}
  2141 | D:4      | Reached skill level 6 in Polearms
  2245 | D:4      | Reached XP level 5. HP: 32/43 MP: 5/5
  2366 | D:4      | Bought a +2 cloak for 198 gold pieces
  2421 | D:4      | Noticed an angel
  2576 | D:4      | Noticed a wyvern
  2578 | D:4      | Noticed a phantom
  2605 | D:4      | Killed a phantom
  2606 | D:4      | Reached skill level 7 in Polearms
  2606 | D:4      | Reached XP level 6. HP: 26/50 MP: 6/6
  2616 | D:4      | Killed a wyvern
  2617 | D:4      | Reached skill level 5 in Fighting
  2617 | D:4      | Reached skill level 8 in Polearms
  2906 | D:5      | Entered Level 5 of the Dungeon
  2924 | D:5      | Noticed Ijyb
  2943 | D:5      | Killed Ijyb
  2949 | D:5      | Reached XP level 7. HP: 56/56 MP: 7/7
  2962 | D:5      | Reached skill level 9 in Polearms
  3404 | D:5      | Reached skill level 10 in Polearms
  3404 | D:5      | Reached XP level 8. HP: 44/65 MP: 8/8
  3534 | D:5      | Reached *** piety under Trog
  3615 | D:5      | Noticed Eustachio
  3649 | D:5      | Killed Eustachio
  4055 | D:5      | Reached skill level 11 in Polearms
  4413 | D:6      | Found Nylay's Antique Armour Boutique.
  4443 | D:6      | Reached skill level 12 in Polearms
  4734 | D:6      | Reached XP level 9. HP: 48/74 MP: 9/9
  5695 | D:6      | Reached skill level 13 in Polearms
  6024 | D:7      | Found a radiant altar of Vehumet.
  6073 | D:7      | Reached **** piety under Trog
  6076 | D:7      | Identified the +5 long sword "Qeygugue" {venom, Contam rC+
                  | Str+3 Int+2}
  6623 | D:7      | Found a flagged portal.
  6754 | D:8      | Reached skill level 14 in Polearms
  6934 | D:8      | Noticed a two-headed ogre
  6940 | D:8      | Killed a two-headed ogre
  6941 | D:8      | Reached XP level 10. HP: 45/83 MP: 10/10
  6944 | D:8      | Reached skill level 15 in Polearms
  7072 | D:8      | Found a sacrificial altar of Ru.
  7245 | D:8      | Identified the +3 quarterstaff of the Eye-covered God
                  | {freeze, rPois Int-5 Dex+5}
  7541 | D:9      | You fall into a shaft and drop 2 floors!
  7547 | D:10     | Entered Level 10 of the Dungeon
  7786 | D:9      | Found Edyisaqe's General Store.
  7797 | D:9      | Bought a scroll of teleportation for 42 gold pieces
  7797 | D:9      | Bought a scroll of teleportation for 42 gold pieces
  7797 | D:9      | Bought a potion of curing for 42 gold pieces
  7797 | D:9      | Bought a scroll of enchant weapon for 105 gold pieces
  7918 | D:9      | Reached skill level 10 in Fighting
  8038 | D:9      | Reached ***** piety under Trog
  8052 | D:9      | Reached skill level 16 in Polearms
  8254 | D:9      | Found a staircase to the Lair.
  8378 | D:9      | Found a hazy altar of Hepliaklqana.
  8419 | D:9      | Identified the +0 leather armour of Xom's Reproof {*Corrode
                  | rPois rN++ Stlth+}
  8424 | D:9      | Noticed a two-headed ogre
  8432 | D:9      | Killed a two-headed ogre
  8433 | D:9      | Reached skill level 17 in Polearms
  8625 | D:9      | Reached XP level 11. HP: 78/92 MP: 11/11
  8957 | D:9      | Noticed a two-headed ogre
  8958 | D:9      | Killed a two-headed ogre
  9081 | Lair:1   | Entered Level 1 of the Lair of Beasts
  9863 | Lair:1   | Reached skill level 5 in Dodging
 10150 | Lair:2   | Found a staircase to the Swamp.
 10153 | Lair:2   | Noticed a bog body
 10158 | Lair:2   | Killed a bog body
 10181 | Lair:2   | Noticed a bog body
 10184 | Lair:2   | Killed a bog body
 10247 | Lair:2   | Received a gift from Trog
 10307 | Lair:2   | Reached XP level 12. HP: 103/103 MP: 12/12
 10940 | Lair:3   | Found a staircase to the Snake Pit.
 10988 | Lair:3   | Noticed a death yak
 11003 | Lair:3   | Noticed a death yak
 11004 | Lair:3   | Noticed a death yak
 11006 | Lair:3   | Killed a death yak
 11006 | Lair:3   | Noticed a death yak
 11014 | Lair:3   | Killed a death yak
 11017 | Lair:3   | Killed a death yak
 11018 | Lair:3   | Reached skill level 5 in Armour
 11020 | Lair:3   | Killed a death yak
 11456 | Lair:3   | Reached skill level 10 in Dodging
 12019 | Lair:4   | Noticed a five-headed hydra
 12031 | Lair:4   | Killed a five-headed hydra
 12166 | Lair:4   | Found a runed translucent door.
 12169 | Lair:4   | Noticed Duteqan's ghost (journeyman TrFi)
 12229 | Lair:4   | Noticed a seven-headed hydra
 12238 | Lair:4   | Killed a seven-headed hydra
 12239 | Lair:4   | Reached XP level 13. HP: 92/112 MP: 13/13
 12347 | Lair:4   | Received a gift from Trog
 12727 | Lair:5   | Entered Level 5 of the Lair of Beasts
 13052 | Lair:5   | Noticed a dire elephant
 13052 | Lair:5   | Noticed a dire elephant
 13308 | Lair:5   | Found a transporter.
 13315 | Lair:5   | Noticed eliilek's ghost (journeyman MiFi)
 13453 | Lair:5   | Reached skill level 15 in Fighting
 13630 | Lair:5   | Found a transporter.
 13809 | Lair:5   | Found a staircase to the Slime Pits.
 14085 | Lair:5   | Reached XP level 14. HP: 109/123 MP: 14/14
 14124 | Lair:5   | Received a gift from Trog
 14204 | Lair:5   | Identified the +4 dagger "Aleseh" {freeze, Drain rElec
                  | MP+9}
 14274 | Lair:5   | Killed a dire elephant
 14280 | Lair:5   | Killed a dire elephant
 14629 | D:10     | Identified the +3 ring mail of Caerrett {Rampage Fly rPois
                  | Dex-5}
 15443 | D:1      | Bought a scroll of blinking for 90 gold pieces
 15443 | D:1      | Bought a scroll of acquirement for 624 gold pieces
 15443 | D:1      | Bought a scroll of enchant armour for 90 gold pieces
 15443 | D:1      | Acquired a +3 heavy bardiche
 15926 | D:11     | Found a staircase to the Orcish Mines.
 15994 | D:11     | Found an ancient bone altar of Kikubaaqudgha.
 16361 | D:12     | Noticed Psyche
 16366 | D:12     | Killed Psyche
 16520 | D:12     | Noticed Snorg
 16526 | D:12     | Killed Snorg
 16826 | D:12     | Found a frozen archway.
 16844 | IceCv    | Entered an ice cave
 16849 | IceCv    | Reached ****** piety under Trog
 17107 | IceCv    | Received a gift from Trog
 17455 | IceCv    | Reached skill level 15 in Dodging
 18084 | D:13     | Reached skill level 1 in Evocations
 18103 | D:13     | Received a gift from Trog
 18435 | D:13     | Reached XP level 15. HP: 121/132 MP: 15/15
 19115 | D:13     | Found a gate to the Vaults.
 19332 | D:14     | Received a gift from Trog
 19341 | D:14     | Noticed Frances
 19341 | D:14     | Noticed Josephine
 19363 | D:14     | Killed Josephine
 19370 | D:14     | Killed Frances
 19703 | D:14     | Noticed Agnes
 19711 | D:14     | Killed Agnes
 19891 | D:14     | Reached skill level 5 in Evocations
 20156 | D:14     | Reached skill level 10 in Armour
 20262 | D:14     | Noticed Nessos
 20282 | D:14     | Shot with an arrow by Nessos

Illustrated notes

Levels and vault maps discovered:
D:1:      minmay_arrival_diagonal_passages, layout_basic, serial_shops,
          nicolae_shop_real_fake_doors
D:2:      layout_rooms, minmay_split_cup_small, uniq_robin
D:3:      layout_rooms, biasface_ghost_orc_armoury, minmay_misc_feat_encased,
          hangedman_decor_growths
D:4:      layout_gridville, temple_garden, serial_shops, shop,
          minmay_manual_monstrance
D:5:      kennysheep_six_static_rooms, layout_rooms, uniq_eustachio, uniq_ijyb
D:6:      cheibrodos_fertilizer, layout_layer_cave, serial_shops, shop
D:7:      layout_rooms, vehumet_crystals, enter_bailey_3
D:8:      layout_basic, lemuel_doored_altar
D:9:      layout_loops_corners, mainiacjoe_overflow_surrounded_room,
          grunt_lair_entry_orc_guard_hut, serial_shops, nicolae_stop_n_shop_1,
          lightli_orcish_oven
D:10:     layout_basic
D:11:     layout_rooms, orc_0_dummy, chequers_arboretum,
          kennysheep_vampire_church
D:12:     layout_stronghold, portal_ice_cave_rime, uniq_snorg, uniq_psyche
D:13:     layout_long_grid, grunt_vaults_entry_fortified,
          introduction_to_nature_1
D:14:     layout_stronghold, ebering_ghost_disaster_area, uniq_frances,
          uniq_agnes, uniq_josephine, uniq_nessos
Lair:1:   layout_cave_pods
Lair:2:   layout_regular_city, skrybe_swamp_entry_bodies
Lair:3:   layout_regular_city, dummy_snake_entry, grunt_megastairs_1
Lair:4:   minmay_lair_oklob_tunnel, layout_loops_ring,
          ebering_ghost_inner_flame, lemuel_fruit_tree
Lair:5:   due_jungle_book, layout_regular_city, nicolae_slime_entry_field_trip,
          gammafunk_ghost_berserking_beasts, nicolae_quartered_pool_impasse,
          infiniplex_staircase_pool_2, grunt_megastairs_3, serial_bayou_shore_b

Skill      XL: |  1  2  3  4  5  6  7  8  9 10 11 12 13 14 15 |
---------------+----------------------------------------------+-----
Dodging        | 3 7 10 13 15 16 | 16.5
Polearms       | 5 6 7 8 10 12 14 17 | 17.7
Fighting       | 4 5 6 7 9 10 12 13 15 16 | 16.4
Armour         | 4 6 7 9 10 | 10.0
Evocations     | 2 5 |  5.3

Action                     |  1- 3 |  4- 6 |  7- 9 | 10-12 | 13-15 || total
---------------------------+-------+-------+-------+-------+-------++-------
  Melee: Spear             |    97 |   214 |   109 |       |       ||   420
         Punch             |       |     1 |       |     1 |       ||     2
         Halberd           |       |       |   287 |   301 |   769 ||  1357
         Trident           |       |       |       |    17 |     4 ||    21
         Tailslap          |       |       |       |       |     9 ||     9
  Throw: Javelin           |       |     2 |       |       |       ||     2
         Dart              |       |       |       |     6 |       ||     6
 Invoke: Berserk           |       |     3 |     4 |       |     4 ||    11
  Evoke: Wand              |       |       |       |     2 |       ||     2
    Use: Potion            |       |     1 |     1 |       |     3 ||     5
         Scroll            |       |       |    17 |     6 |    11 ||    34
   Stab: Sleeping          |       |     3 |     2 |       |     1 ||     6
         Distracted        |       |       |       |     4 |    12 ||    16
 Armour: Ring mail         |    35 |    53 |    93 |       |       ||   181
         Animal skin       |     1 |       |       |       |       ||     1
         Skin              |       |    11 |     6 |       |       ||    17
         Chain mail        |       |       |    12 |    48 |   127 ||   187
         Scale mail        |       |       |       |       |    35 ||    35
  Dodge: Dodged            |    59 |    82 |   168 |    71 |   330 ||   710
